 Dungeon Crawl Stone Soup version 0.30-a0-897-ga2f19c967e (webtiles) character file.

Game seed: 13079240895993541664

106428 Bnni the Earth Mage (level 16, -5/131 HPs)
             Began as a Formicid Earth Elementalist on Mar 18, 2023.
             Was the Champion of Cheibriados.
             Shot with an arrow by a naga sharpshooter (17 damage)
             ... on level 4 of the Snake Pit.
             The game lasted 01:24:53 (30923 turns).

Bnni the Earth Mage (Formicid Earth Elementalist)  Turns: 30923, Time: 01:24:55

Health: -5/131     AC: 20    Str: 29    XL:     16   Next: 99%
Magic:  1/28       EV: 29    Int: 43    God:    Cheibriados [******]
Gold:   1750       SH: 16    Dex: 29    Spells: 1/31 levels left

rFire   + + .      SeeInvis +    z - +5 dire flail (protect)
rCold   + . .      Faith    .    R - +1 kite shield {rPois}
rNeg    . . .      Spirit   .    V - +2 chain mail {rF+}
rPois   +          Reflect  .    (helmet unavailable)
rElec   +          Rampage  .    y - +1 cloak {rCorr}
rCorr   +                        B - +1 pair of gloves of the Endless Expanse {rPois}
Will    +....                    j - +0 pair of boots Stlth
                                 J - amulet of the acrobat
HPRegen 0.41/turn                h - +5 ring of evasion
MPRegen 0.21/turn                r - +6 ring of intelligence

@: resistant, acrobatic, studying Invocations, very slow
A: permanent stasis, dig shafts and tunnels, antennae 3, four strong arms
a: Dig, Shaft Self, Renounce Religion, Bend Time, Temporal Distortion, Slouch,
Step From Time


You were on level 4 of the Snake Pit.
You worshipped Cheibriados.
Cheibriados was exalted by your worship.
You visited 6 branches of the dungeon, and saw 26 of its levels.
You also visited: Sewer and Volcano.

You collected 2457 gold pieces.
You spent 707 gold pieces at shops.

Inventory:

Hand Weapons
 z - a +5 dire flail of protection (weapon)
 P - a +2 eveningstar of flaming
Missiles
 c - 2 curare-tipped darts
 F - 5 throwing nets
Armour
 j - a +0 pair of boots (worn)
 y - a +1 cloak of preservation (worn)
 B - the +1 pair of gloves of the Endless Expanse (worn) {rPois}
   (You found it on level 2 of the Lair of Beasts)

   rPois:     It protects you from poison.
 R - a +1 kite shield of poison resistance (worn)
 V - a +2 chain mail of fire resistance (worn)
Jewellery
 h - a +5 ring of evasion (left hand)
 i - a ring of positive energy
 p - a ring of positive energy
 r - a +6 ring of intelligence (right hand)
 s - a ring of fire
 J - an amulet of the acrobat (around neck)
Wands
 a - a wand of flame (33)
 d - a wand of mindburst (17)
 l - a wand of polymorph (12)
 A - a wand of paralysis (22)
 I - a wand of quicksilver (8)
 M - a wand of iceblast (22)
 Q - a wand of digging (19)
Scrolls
 e - 3 scrolls of fear
 f - 5 scrolls of amnesia
 g - a scroll of butterflies
 k - 3 scrolls of poison
 m - 5 scrolls of immolation
 q - 5 scrolls of enchant weapon
 x - 3 scrolls of fog
 D - 2 scrolls of brand weapon
 G - 4 scrolls of enchant armour
 K - a scroll of magic mapping
 O - 7 scrolls of vulnerability
 T - a scroll of acquirement {unknown}
Potions
 b - 3 potions of magic
 n - 6 potions of heal wounds
 o - 4 potions of attraction
 t - 3 potions of resistance
 u - 8 potions of flight
 v - 3 potions of mutation
 w - 2 potions of brilliance
 C - 3 potions of might
 H - 2 potions of invisibility
 L - 3 potions of cancellation
 N - a potion of ambrosia
Miscellaneous
 E - a phial of floods (inert)


   Skills:
 + Level 13.5 Fighting
 - Level 7.0 Maces & Flails
 + Level 11.3 Armour
 - Level 1.7 Dodging
 - Level 2.4 Stealth
 + Level 12.0 Shields
 - Level 8.0 Spellcasting
 - Level 5.0 Conjurations
 - Level 5.0 Necromancy
 + Level 6.7 Translocations
 - Level 5.0 Transmutations
 * Level 15.9 Earth Magic
 - Level 13.0 Invocations


You had one spell level left.
You knew the following spells:

 Your Spells              Type           Power      Damage    Failure   Level
a - Sandblast             Erth           100%       2d20      1%          1
b - Passwall              Tmut/Erth      68%        N/A       1%          2
c - Stone Arrow           Conj/Erth      100%       3d13      1%          3
d - Vhi's Electric Charg  Tloc/Air       92%        N/A       9%          3
e - Lee's Rapid Deconstr  Erth           50%        3d24*     1%          5
h - Borgnjor's Vile Clut  Necr/Erth      41%        N/A       4%          5
o - Passage of Golubria   Tloc           65%        N/A       8%          4
p - Petrify               Tmut/Erth      82%        N/A       1%          4
w - Wereblood             Tmut           57%        N/A       2%          2
z - Apportation           Tloc           100%       N/A       1%          1

Your spell library contained the following spells:

 Spells                   Type           Power      Damage    Failure   Level
 Beastly Appendage        Tmut           100%       N/A       1%          1
 Necrotise                Necr           100%       1d9       1%          1
 Summon Small Mammal      Summ           68%        N/A       12%         1
 Leda's Liquefaction      Hex/Erth       36%        N/A       4%          4
 Static Discharge         Conj/Air       76%        2-6/arc   6%          2
 Spider Form              Tmut/Pois      38%        N/A       13%         3
 Kindle Blastsparks       Fire/Tloc/Air  72%        2d16      14%         3
 Ignite Poison            Fire/Tmut/Pois 31%        N/A       19%         3
 Statue Form              Tmut/Erth      54%        N/A       26%         6
 Frozen Ramparts          Ice            34%        1d6       34%         3
 Tukima's Dance           Hex            17%        N/A       34%         3
 Ice Form                 Ice/Tmut       38%        N/A       38%         4
 Summon Ice Beast         Ice/Summ       17%        N/A       75%         4
 Alistair's Intoxication  Tmut/Pois      25%        N/A       75%         5
 Arcjolt                  Conj/Air       19%        1d29      75%         5
 Lightning Bolt           Conj/Air       19%        1d33      75%         5
 Yara's Violent Unravell  Hex/Tmut       19%        3d9       75%         5
 Freezing Cloud           Conj/Ice/Air   15%        6-21      86%         5
 Eringya's Noxious Bog    Tmut/Pois      19%        N/A       100%        6


Dungeon Overview and Level Annotations

Branches:
Dungeon (13/15)            Temple (1/1) D:4            Lair (5/5) D:9
 Shoals (1/4) Lair:2        Snake (4/4) Lair:2        Slime (0/5) Lair:5
    Orc (2/2) D:11            Elf (0/3) Orc:2         Sewer (visited)
Volcano (visited)
 Vaults: D:13-14

Altars:
Ashenzari
Cheibriados
Dithmenos
Elyvilon
Fedhas
Gozag
Hepliaklqana
Kikubaaqudgha
Makhleb
Nemelex Xobeh
Okawaru
Qazlal
Ru
Sif Muna
Trog
Uskayaw
Vehumet
Wu Jian
Xom
Yredelemnul
Zin
The Shining One
Jiyva

Shops:
D:2 :   Orc:2 (![:[


Innate Abilities, Weirdness & Mutations

You cannot be hasted, slowed, berserked, paralysed or teleported.
You can dig through walls and to a lower floor.
You have a pair of large antennae on your head. (SInv)
Your four strong arms can wield two-handed weapons with a shield.


Message History

The zombie hands constrict Nikola!
The naga sharpshooter casts a spell.
The naga sharpshooter magically shoots an arrow.
The arrow hits you.
Nikola struggles to escape constriction.
Casting: Lee's Rapid Deconstruction (mildly dangerous; 1% risk of failure)
Confirm with . or Enter, or press ? or * to list all spells.
Aiming: Lee's Rapid Deconstruction (mildly dangerous; 1% risk of failure)
Press: ? - help, Dir - move target A metal wall.
The metal wall shatters!
The blast of metal fragments hits Nikola!!!
You kill Nikola!
Cheibriados thoroughly appreciates the change of pace.
The naga sharpshooter shoots an arrow.
The arrow hits you!!
* * * LOW HITPOINT WARNING * * *
Your Shields skill increases to level 12!
Unknown command.
Casting: Lee's Rapid Deconstruction (mildly dangerous; 1% risk of failure)
Confirm with . or Enter, or press ? or * to list all spells.
Aiming: Borgnjor's Vile Clutch (dangerous; 4% risk of failure)
Press: ? - help, Shift-Dir - straight line, f - naga sharpshooter
Aim: a naga sharpshooter, wielding a +0 longbow (lightly wounded, 100% to hit)
Zombie hands grab the black mamba.
Zombie hands grab the naga sharpshooter.
The zombie hands constrict the naga sharpshooter!
The zombie hands constrict the black mamba!
The black mamba closely misses you.
A naga comes into view. It is wielding a +0 scimitar.
A naga comes into view. It is wielding a +0 war axe.
The naga sharpshooter spits poison at you.
The splash of poison hits you but does no damage.
You resist. You block the black mamba's attack.
The zombie hands constrict the naga sharpshooter.
The zombie hands constrict the black mamba!!
You kill the black mamba!
Cheibriados thoroughly appreciates the change of pace.
The naga sharpshooter shoots an arrow.
You block the arrow.
The naga sharpshooter shoots an arrow.
The arrow hits you!
You die...

#...#......
.....N..N.
.)~....N. #.N....#
#.~....# #......#
#......# #.)..#
#@...# #....#
########
##.########.......
#....).)..)......
##########)......
#....... #.....).
#......† #.......


You could see a naga sharpshooter (clutched) and 3 nagas.

Vanquished Creatures
  Mara (Snake:4)
  Nikola (Snake:4)
  Aizul (Snake:3)
  An orc warlord (Orc:2)
  A stone giant (Volcano)
  A dire elephant (Lair:5)
  Josephine (Lair:4)
  An ogre mage (Orc:2)
  4 hydras
  A salamander tyrant (Snake:4)
  7 anacondas
  Erolcha (D:11)
  A merfolk avatar (Lair:5)
  2 centaur warriors (D:13)
  2 two-headed ogres (D:12)
  A catoblepas (Lair:3)
  4 boulder beetles
  A tengu warrior (D:12)
  An orc high priest (Orc:2)
  5 naga warriors
  3 death yaks (Lair:2)
  A deep elf knight (Orc:2)
  Urug (Lair:1)
  Nergalle (D:12)
  Sonja (D:13)
  2 shock serpents
  5 naga sharpshooters
  2 skysharks (Lair:5)
  A salamander mystic (Snake:3)
  4 skeletal warriors (D:12)
  Lodul (D:12)
  2 naga ritualists
  5 sea snakes
  4 orc knights
  6 mana vipers
  Pikel (D:7)
  3 manticores
  13 orc sorcerers
  2 cyclopes (D:12)
  5 salamanders
  A guardian serpent (Snake:3)
  An elephant (Lair:5)
  21 black mambas
  Maurice (D:12)
  21 cane toads
  3 gargoyles
  9 naga magi
  4 unseen horrors
  11 komodo dragons
  An efreet (Volcano)
  2 rime drakes
  A tengu conjurer (D:13)
  A burning bush (Lair:5)
  A merfolk (Shoals:1)
  6 trolls
  3 polar bears (Lair:5)
  2 hornets
  3 wind drakes
  9 blink frogs
  11 dream sheep
  Prince Ribbit (D:7)
  6 slime creatures
  Sigmund (D:4)
  6 wraiths
  3 wyverns
  2 basilisks
  A fire elemental (Volcano)
  A human (D:6)
  Grum (D:9)
  3 vampire mosquitoes (D:11)
  32 yaks
  A warg (Orc:2)
  Edmund (D:5)
  26 nagas
  An acid dragon (D:11)
  10 water moccasins
  21 orc warriors
  An ice beast (D:6)
  A black bear (D:6)
  14 wolves
  The ghost of
  112233 the Caller, an amateur NaSu (D:3)
  12 ogres
  3 centaurs
  A lemure (D:7)
  A phantom (D:6)
  6 kobold brigands
  7 bullfrogs
  A necrophage (D:8)
  A gnoll sergeant (D:12)
  2 scorpions
  3 earth elementals (Volcano)
  7 wights
  19 killer bees
  9 howler monkeys
  4 hounds
  4 jellies
  4 gnoll boudas
  Crazy Yiuf (D:7)
  8 orc priests
  4 iguanas
  Ijyb (D:4)
  24 orc wizards
  A hound skeleton (D:8)
  19 gnolls
  6 river rats
  19 adders
  A shadow imp (D:5)
  2 white imps (D:7)
  6 worms
  5 dart slugs
  65 orcs
  7 endoplasms
  8 giant cockroaches
  6 goblins
  7 hobgoblins
  A jackal (Sewer)
  8 quokkas
  12 ball pythons
  10 bats
  4 frilled lizards
  39 kobolds
  A kobold zombie (D:6)
  7 rats
703 creatures vanquished.

Vanquished Creatures (others)
  A shock serpent (Snake:4)
  A naga (Snake:4)
  A human (D:4)
  2 orcs (Orc:2)
  33 fungi
  25 plants
63 creatures vanquished.

Grand Total: 766 creatures vanquished

Notes
Turn   | Place    | Note
-------+----------+-------------------------------------------
     0 | D:1      | Bnni the Formicid Earth Elementalist began the quest for
                  | the Orb.
     0 | D:1      | Reached XP level 1. HP: 13/13 MP: 3/3
   146 | D:1      | Reached XP level 2. HP: 19/20 MP: 0/5
   286 | D:1      | Reached skill level 4 in Earth Magic
   733 | D:1      | Reached XP level 3. HP: 22/25 MP: 3/6
   804 | D:1      | Reached skill level 1 in Fighting
  1159 | D:1      | Learned a level 3 spell: Stone Arrow
  1162 | D:1      | Learned a level 2 spell: Passwall
  1616 | D:2      | Reached XP level 4. HP: 23/32 MP: 1/7
  1754 | D:2      | Found Gikkuoj's Book Emporium.
  2215 | D:3      | Found a hide-covered altar of Uskayaw.
  2244 | D:3      | Reached XP level 5. HP: 25/38 MP: 0/9
  2289 | D:3      | Reached skill level 5 in Earth Magic
  2386 | D:3      | Found a glowing drain.
  2391 | Sewer    | Entered a sewer
  2470 | Sewer    | Learned a level 4 spell: Petrify
  2623 | Sewer    | Reached XP level 6. HP: 29/44 MP: 4/10
  3104 | Sewer    | Reached skill level 1 in Conjurations
  3811 | D:3      | Found a runed translucent gate.
  3811 | D:3      | Found a runed translucent gate.
  3814 | D:3      | Noticed 112233's ghost (amateur NaSu)
  3822 | D:3      | Reached skill level 6 in Earth Magic
  3843 | D:3      | Found a runed translucent gate.
  4409 | D:3      | Killed 112233's ghost
  4410 | D:3      | Reached XP level 7. HP: 24/51 MP: 4/12
  4553 | D:4      | Noticed Ijyb
  4553 | D:4      | Found a shimmering altar of Xom.
  4776 | D:4      | Found a staircase to the Ecumenical Temple.
  4795 | D:4      | Killed Ijyb
  4807 | Temple   | Entered the Ecumenical Temple
  5038 | D:4      | Reached skill level 7 in Earth Magic
  5050 | D:4      | Noticed Sigmund
  5176 | D:4      | Killed Sigmund
  5177 | D:4      | Reached XP level 8. HP: 60/60 MP: 7/14
  5278 | D:4      | Found an ancient bone altar of Kikubaaqudgha.
  5278 | D:4      | Noticed a human
  5281 | D:4      | Killed a human
  5454 | D:4      | Found a stormy altar of Qazlal.
  5559 | D:5      | Entered Level 5 of the Dungeon
  5635 | D:5      | Noticed Edmund
  5657 | D:5      | Killed Edmund
  5728 | D:5      | Found a sacrificial altar of Ru.
  5732 | D:5      | Reached skill level 8 in Earth Magic
  6458 | D:6      | Reached skill level 5 in Spellcasting
  6458 | D:6      | Reached XP level 9. HP: 67/67 MP: 13/16
  6493 | D:6      | Reached skill level 9 in Earth Magic
  6521 | D:6      | Reached skill level 5 in Fighting
  6617 | D:6      | Found a glowing silver altar of Zin.
  6698 | D:6      | Found a runed translucent door.
  6702 | D:6      | Found a basalt altar of Yredelemnul.
  6918 | D:6      | Found a glowing golden altar of the Shining One.
  7150 | D:6      | Found an ornate altar of the Wu Jian Council.
  7513 | D:7      | Found a runed translucent door.
  7514 | D:7      | Noticed Crazy Yiuf
  7519 | D:7      | Killed Crazy Yiuf
  7579 | D:7      | Reached skill level 10 in Earth Magic
  7974 | D:7      | Found an iron altar of Okawaru.
  8149 | D:7      | Found a shimmering blue altar of Sif Muna.
  8149 | D:7      | Noticed Prince Ribbit
  8151 | D:7      | Killed Prince Ribbit
  8152 | D:7      | Reached XP level 10. HP: 77/77 MP: 14/17
  8203 | D:7      | Noticed Pikel
  8212 | D:7      | Killed Pikel
  8213 | D:7      | Reached skill level 5 in Conjurations
  8213 | D:7      | Reached skill level 11 in Earth Magic
  8903 | D:8      | Found a burning altar of Makhleb.
  8911 | D:8      | Reached skill level 12 in Earth Magic
  9522 | D:8      | Found a snail-covered altar of Cheibriados.
  9529 | D:8      | Became a worshipper of Cheibriados the Contemplative
  9638 | D:9      | Reached skill level 1 in Armour
  9685 | D:9      | Reached skill level 1 in Maces & Flails
  9691 | D:9      | Noticed Grum
  9708 | D:9      | Killed Grum
  9948 | D:9      | Found a staircase to the Lair.
  9949 | D:9      | Reached * piety under Cheibriados
 10037 | D:9      | Reached skill level 13 in Earth Magic
 10039 | D:9      | Reached skill level 1 in Invocations
 10039 | D:9      | Reached XP level 11. HP: 86/86 MP: 14/18
 10310 | D:9      | Learned a level 2 spell: Wereblood
 10314 | D:9      | Learned a level 3 spell: Vhi's Electric Charge
 10467 | D:10     | Entered Level 10 of the Dungeon
 10524 | D:10     | Found a broken altar of Ashenzari.
 10565 | D:10     | Reached ** piety under Cheibriados
 10762 | D:10     | HP: 4/89 [yak (8)]
 10767 | D:10     | HP: 2/89 [yak (11)]
 10773 | D:10     | HP: 3/81 [yak (3)]
 11196 | D:10     | HP: 4/88 [komodo dragon (27)]
 11200 | D:10     | Reached skill level 5 in Maces & Flails
 11571 | D:10     | Learned a level 5 spell: Lee's Rapid Deconstruction
 11776 | D:10     | Reached *** piety under Cheibriados
 12102 | D:11     | Reached skill level 5 in Armour
 12112 | D:11     | Noticed Erolcha
 12147 | D:11     | Killed Erolcha
 12219 | D:11     | Noticed a boulder beetle
 12247 | D:11     | Killed a boulder beetle
 12248 | D:11     | Reached skill level 5 in Invocations
 12248 | D:11     | Reached XP level 12. HP: 26/96 MP: 4/20
 12523 | D:11     | Found a staircase to the Orcish Mines.
 13408 | D:12     | Noticed Nergalle
 13428 | D:12     | Killed Nergalle
 13429 | D:12     | Reached skill level 1 in Shields
 13666 | D:12     | Noticed Maurice
 13672 | D:12     | Killed Maurice
 13844 | D:12     | Noticed a two-headed ogre
 13856 | D:12     | Killed a two-headed ogre
 13857 | D:12     | Reached skill level 10 in Fighting
 13904 | D:12     | Noticed a skeletal warrior
 13910 | D:12     | Killed a skeletal warrior
 13924 | D:12     | Noticed a skeletal warrior
 14151 | D:12     | Killed a skeletal warrior
 14153 | D:12     | Noticed a skeletal warrior
 14153 | D:12     | Noticed a skeletal warrior
 14155 | D:12     | Killed a skeletal warrior
 14159 | D:12     | Killed a skeletal warrior
 14159 | D:12     | Reached **** piety under Cheibriados
 14328 | D:12     | Noticed Lodul
 14527 | D:12     | Noticed a two-headed ogre
 14531 | D:12     | Killed a two-headed ogre
 14532 | D:12     | Reached XP level 13. HP: 69/104 MP: 18/22
 14561 | D:12     | Learned a level 5 spell: Borgnjor's Vile Clutch
 14761 | D:12     | Killed Lodul
 15227 | D:13     | Noticed Sonja
 15227 | D:13     | Noticed a six-headed hydra
 15236 | D:12     | Killed a six-headed hydra
 15288 | D:13     | Killed Sonja
 15338 | D:13     | Noticed a centaur warrior
 15341 | D:13     | Killed a centaur warrior
 15342 | D:13     | Reached skill level 5 in Shields
 15384 | D:13     | Noticed a centaur warrior
 15388 | D:13     | Killed a centaur warrior
 15482 | D:13     | Reached skill level 14 in Earth Magic
 16141 | Lair:1   | Entered Level 1 of the Lair of Beasts
 16396 | Lair:1   | Reached skill level 1 in Necromancy
 16661 | Lair:1   | Reached skill level 1 in Translocations
 16687 | Lair:1   | Identified the +0 ring mail of the Unseen Realm {+Inv rCorr
                  | Str+3}
 17034 | Lair:1   | Noticed Urug
 17044 | Lair:1   | Killed Urug
 17458 | Lair:2   | Reached ***** piety under Cheibriados
 17711 | Lair:2   | Found a staircase to the Shoals.
 18000 | Lair:2   | Found a staircase to the Snake Pit.
 18159 | Lair:2   | Identified the +1 pair of gloves of the Endless Expanse
                  | {rPois}
 18267 | Lair:2   | Noticed a six-headed hydra
 18275 | Lair:2   | Killed a six-headed hydra
 18276 | Lair:2   | Reached XP level 14. HP: 97/113 MP: 6/25
 19464 | Lair:3   | Found a dark tunnel.
 19471 | Volcano  | Entered a volcano
 19497 | Volcano  | Noticed a stone giant
 19510 | Volcano  | Killed a stone giant
 20408 | Lair:3   | Reached skill level 10 in Invocations
 21474 | Lair:4   | Noticed Josephine
 21477 | Lair:4   | Reached ****** piety under Cheibriados
 21488 | Lair:4   | Killed Josephine
 22007 | Lair:5   | Entered Level 5 of the Lair of Beasts
 22294 | Lair:5   | Noticed a dire elephant
 22310 | Lair:5   | Killed a dire elephant
 22320 | Lair:5   | Reached XP level 15. HP: 44/120 MP: 9/27
 22591 | Lair:5   | Identified the +4 rapier of Tension {holy, Will+ Stlth+}
 22592 | Lair:5   | Identified the ring "Eggaeb" {rPois rC- Str+3 Int+3 Dex+6}
 22599 | Lair:5   | Identified the +7 long sword "Geillipi" {venom, Dex+5}
 22947 | Lair:5   | Found a viscous altar of Jiyva.
 22948 | Lair:5   | Found a staircase to the Slime Pits.
 23639 | Orc:1    | Entered Level 1 of the Orcish Mines
 23823 | Orc:1    | Reached skill level 5 in Necromancy
 24351 | Orc:2    | Entered Level 2 of the Orcish Mines
 24351 | Orc:2    | Found Rynnuos's Antique Weapon Emporium.
 24683 | Orc:2    | Noticed an orc warlord
 24694 | Orc:2    | Killed an orc warlord
 24695 | Orc:2    | Reached skill level 10 in Shields
 24839 | Orc:2    | Identified the +0 chain mail of Moral Flaws {rF- Int-5
                  | Dex+7 SInv}
 24866 | Orc:2    | Found a staircase to the Elven Halls.
 25013 | Orc:2    | Reached skill level 5 in Transmutations
 25172 | Orc:2    | Found Umaedgh's Book Shoppe.
 25192 | Orc:2    | Found a radiant altar of Vehumet.
 25205 | Orc:2    | Reached skill level 5 in Translocations
 25214 | Orc:2    | Reached skill level 10 in Armour
 25218 | Orc:2    | Found Beefy's Distillery.
 25241 | Orc:2    | Found Zibaisso's Antique Armour Emporium.
 25296 | Orc:2    | Found Veuneihe's Antique Armour Emporium.
 25329 | Orc:2    | Found an ancient bone altar of Kikubaaqudgha.
 25697 | Orc:2    | Bought a runed kite shield for 247 gold pieces
 25717 | Orc:2    | Bought a runed cloak for 270 gold pieces
 25744 | Orc:2    | Bought a potion of curing for 30 gold pieces
 25744 | Orc:2    | Bought a potion of cancellation for 80 gold pieces
 25744 | Orc:2    | Bought a potion of ambrosia for 80 gold pieces
 25751 | Orc:2    | Learned a level 4 spell: Passage of Golubria
 25753 | Orc:2    | Learned a level 1 spell: Apportation
 25939 | Shoals:1 | Entered Level 1 of the Shoals
 26080 | Snake:1  | Entered Level 1 of the Snake Pit
 26549 | Snake:1  | Reached XP level 16. HP: 123/129 MP: 4/28
 28928 | Snake:3  | Reached skill level 15 in Earth Magic
 29494 | Snake:3  | Noticed Aizul
 29502 | Snake:3  | Killed Aizul
 30436 | Snake:4  | Entered Level 4 of the Snake Pit
 30523 | Snake:4  | Noticed Mara
 30526 | Snake:4  | Noticed Bnni's illusion
 30564 | Snake:4  | Noticed Bnni's illusion
 30567 | Snake:4  | Noticed Bnni's illusion
 30567 | Snake:4  | Killed Mara
 30914 | Snake:4  | Noticed Nikola
 30921 | Snake:4  | Killed Nikola
 30923 | Snake:4  | Shot with an arrow by a naga sharpshooter

Illustrated notes

Levels and vault maps discovered:
D:1:      evilmike_arrival_hilbert_curve, layout_basic
D:2:      layout_rooms, serial_shops, shop_statue, minmay_tetromino_i4
D:3:      layout_basic, nicolae_uskayaw_dance_hall, biasface_ghost_orc_armoury,
          lightli_sewer_entry_pipes, minmay_ruptured
D:4:      layout_basic, tgw_kikubaaqudgha, mainiacjoe_overflow_cross_hatched,
          kennysheep_little_box, minmay_temple_entry_mist, serial_forest,
          infiniplex_forest_clump_diagonal, infiniplex_forest_clump_tiny,
          infiniplex_forest_end_double, infiniplex_forest_straight_3,
          infiniplex_forest_straight_2, infiniplex_forest_lined_4_way,
          uniq_ijyb, uniq_sigmund
D:5:      layout_cave_pools, nicolae_ru_sacrificial_ziggurat, uniq_edmund
D:6:      layout_loops_corners, mainiacjoe_overflow_alcove_1,
          amcnicky_altar_gilded, dk_yredelemnul_ordeal,
          lemuel_coloured_pillars_altar, nicolae_nh_ransacked_shop
D:7:      layout_loops_corners, mainiacjoe_overflow_six_doors_small,
          okawaru_metal_pillars_1_2, uniq_pikel, uniq_prince_ribbit1,
          uniq_crazy_yiuf_cottage
D:8:      layout_cave_pools, marbit_many_paths, makhleb_blood_cavern_becter,
          minmay_misc_feat_pillars, serial_bayou_crossing
D:9:      layout_basic, lair_entry_dummy, minmay_misc_feat_enclosed,
          nrook_pool_corridor, uniq_grum
D:10:     layout_roguey, ashenzari_conservatory_becter
D:11:     layout_long_grid, orc_0_dummy, corexii_leaking_fountain, uniq_erolcha
D:12:     layout_long_grid, grunt_decor_resistance, uniq_lodul, uniq_maurice,
          uniq_nergalle
D:13:     layout_cave_pools, uniq_sonja
Temple:   hellmonk_temple_beads
Lair:1:   layout_cave_pods, uniq_urug
Lair:2:   layout_layer_cave, minmay_shoals_entry_beasts,
          guppyfry_snake_entry_island, grunt_megastairs_4, lemuel_fruit_fields
Lair:3:   layout_hall_layers, enter_volcano_4
Lair:4:   layout_hall_layers, uniq_josephine
Lair:5:   gammafunk_lair_ancient_temple, layout_long_grid,
          minmay_slime_entry_pillars, evilmike_ambush
          [evilmike_ambush_outer_basic, evilmike_ambush_inner_pond]
Shoals:1: layout_shoals, gammafunk_ghost_tricky_traps,
          nicolae_shop_overcharged_wands
Snake:1:  layout_onion_interference, serial_bayou_shore_b
Snake:2:  layout_onion
Snake:3:  layout_cave_town, grunt_megastairs_3, serial_bayou_shore_a, uniq_aizul
Snake:4:  minmay_snake_end_coiled, layout_rooms, uniq_nikola, uniq_mara
Orc:1:    layout_diamond_mine
Orc:2:    kennysheep_orc_mage_school, layout_caves, serial_shops,
          nicolae_shop_hallway_stairs, elf_legates

Skill      XL: |  1  2  3  4  5  6  7  8  9 10 11 12 13 14 15 16 |
---------------+-------------------------------------------------+-----
Earth Magic    | 4 5 6 7 8 10 13 14 15 | 15.9
Fighting       | 1 2 3 4 6 8 9 10 11 12 13 | 13.5
Transmutations | 2 3 5 |  5.0
Spellcasting   | 3 4 5 6 7 8 |  8.0
Conjurations   | 1 2 3 4 5 |  5.0
Armour         | 2 5 7 8 9 10 11 | 11.3
Maces & Flails | 2 6 7 |  7.0
Invocations    | 1 5 6 9 11 12 13 | 13.0
Shields        | 4 7 9 10 12 | 12.0
Necromancy     | 2 4 5 |  5.0
Translocations | 2 4 5 6 |  6.7
Dodging        | |  1.7
Stealth        | |  2.4

Action                     |  1- 3 |  4- 6 |  7- 9 | 10-12 | 13-15 | 16-18 || total
---------------------------+-------+-------+-------+-------+-------+-------++-------
  Melee: Unarmed           |     2 |       |       |       |       |       ||     2
         Dagger            |    15 |    12 |       |       |       |       ||    27
         Rapier            |    34 |    40 |       |       |       |       ||    74
         Punch             |     1 |     1 |     2 |     2 |       |       ||     6
         Short sword       |       |       |    20 |       |       |       ||    20
         Dire flail        |       |       |    26 |   179 |   587 |   180 ||   972
  Throw: Dart              |       |       |       |     2 |     4 |       ||     6
         Throwing net      |       |       |       |     1 |     1 |       ||     2
   Cast: Sandblast         |    32 |   109 |   136 |   206 |   211 |    55 ||   749
         Petrify           |       |       |     2 |    16 |     7 |     2 ||    27
         Stone Arrow       |       |       |     1 |    10 |    24 |    21 ||    56
         Wereblood         |       |       |       |     2 |     4 |     2 ||     8
         Lee's Rapid Decon |       |       |       |    10 |     7 |     3 ||    20
         Passwall          |       |       |       |     2 |       |       ||     2
         Borgnjor's Vile C |       |       |       |       |    57 |    37 ||    94
         Passage of Golubr |       |       |       |       |     1 |       ||     1
         Vhi's Electric Ch |       |       |       |       |       |     3 ||     3
 Invoke: Bend Time         |       |       |       |     1 |       |       ||     1
         Slouch            |       |       |       |       |     7 |       ||     7
         Step From Time    |       |       |       |       |       |     1 ||     1
Ability: Dig               |       |     2 |       |     2 |     2 |       ||     6
  Evoke: Phial of floods   |       |       |       |       |       |     1 ||     1
    Use: Scroll            |       |     5 |    11 |     4 |     5 |       ||    25
         Potion            |       |     3 |       |     7 |       |    11 ||    21
   Stab: Sleeping          |     4 |     2 |     1 |       |       |       ||     7
         Petrified         |       |       |     9 |    30 |       |       ||    39
         Held in net/web   |       |       |       |     1 |       |       ||     1
 Armour: Robe              |     7 |    29 |    18 |    22 |       |       ||    76
         Ring mail         |       |       |       |   137 |       |       ||   137
         Scale mail        |       |       |       |       |   168 |       ||   168
         Chain mail        |       |       |       |       |   134 |    91 ||   225
  Dodge: Dodged            |    37 |    81 |    52 |   231 |   321 |   129 ||   851
  Block: Kite shield       |       |       |       |    21 |   544 |   224 ||   789

Table legend: (Time is in decaauts)
 A = Elapsed time spent in this place.
 B = Non-inter-level travel time spent in this place.
 C = Inter-level travel time spent in this place.
 D = Time resting spent in this place.
 E = Time spent auto-exploring this place.
 F = Levels seen in this place.
 G = Mean time per level.
                   A        B        C        D        E       F      G
               +--------+--------+--------+--------+--------+-----+--------+
         Total |  40359 |  38476 |   1883 |   5534 |  26895 |  28 | 1441.4 |
       Dungeon |  16926 |  16096 |    830 |   3212 |  10140 |  13 | 1302.0 |
        Temple |    188 |    176 |     12 |      0 |    167 |   1 |  188.0 |
          Lair |  10910 |  10409 |    501 |    470 |   8728 |   5 | 2182.0 |
        Shoals |    148 |    126 |     22 |     47 |     43 |   1 |  148.0 |
     Snake Pit |   7154 |   6928 |    226 |   1055 |   5062 |   4 | 1788.5 |
  Orcish Mines |   3284 |   2994 |    290 |    377 |   2032 |   2 | 1642.0 |
         Sewer |   1201 |   1201 |      0 |    238 |    565 |   1 | 1201.0 |
       Volcano |    544 |    544 |      0 |    135 |    156 |   1 |  544.0 |
               +--------+--------+--------+--------+--------+-----+--------+

Top non-repeatable levels by time:
  Lair:2: 3029 daAuts
    D:12: 3000 daAuts
 Snake:3: 2395 daAuts
 Snake:1: 2267 daAuts
  Lair:5: 2169 daAuts
   Orc:2: 2168 daAuts
    D:10: 1966 daAuts
  Lair:1: 1964 daAuts
  Lair:3: 1938 daAuts
 Snake:2: 1904 daAuts
    D:11: 1861 daAuts
  Lair:4: 1808 daAuts
     D:3: 1654 daAuts
     D:7: 1652 daAuts
     D:1: 1391 daAuts
